 Dungeon Crawl Stone Soup version 0.32-a0-20-ge526923d97 (webtiles) character file.

Game seed: 4870752936708308883

1128 Newt the Skirmisher (level 8, -2/49 HPs)
             Began as a Kobold Hunter on Jan 17, 2024.
             Slain by Prince Ribbit (14 damage)
             ... on level 5 of the Dungeon.
             The game lasted 00:07:06 (5597 turns).

Newt the Skirmisher (Kobold Hunter)                 Turns: 5597, Time: 00:07:06

Health: -2/49      AC:  5    Str:  9    XL:     8   Next: 62%
Magic:  0/8        EV: 17    Int: 10    God:
Gold:   450        SH:  0    Dex: 20    Spells: 7/7 levels left

rFire   . . .        a - +2 shortbow (elec)
rCold   . . .        (shield currently unavailable)
rNeg    + . .        c - +0 leather armour
rPois   .            e - +1 helmet
rElec   .            l - scarf {harm}
rCorr   .            (no gloves)
SInv    .            (no boots)
Will    .....        v - amulet of guardian spirit
Stlth   ++++         j - ring of positive energy
HPRegen 0.28/turn    (no ring)
MPRegen 0.11/turn

%: harm (+30% outgoing, +20% incoming), guardian spirit
@: no status effects
A: small, no large weapons, nightstalker 3
a: no special abilities


You were on level 5 of the Dungeon.
You visited 1 branch of the dungeon, and saw 5 of its levels.
You also visited: Sewer and Ossuary.

You collected 450 gold pieces.

Inventory:

Hand Weapons
 a - a +2 shortbow of electrocution (weapon)
Armour
 c - a +0 leather armour (worn)
 e - a +1 helmet (worn)
 l - a scarf of harm (worn)
Jewellery
 f - a ring of ice
 j - a ring of positive energy (left hand)
 v - an amulet of guardian spirit (around neck)
Scrolls
 b - a scroll of poison
 d - a scroll of amnesia
 p - 2 scrolls of immolation
 q - 2 scrolls of teleportation
 s - a scroll of blinking
Potions
 g - 2 potions of heal wounds
 h - 4 potions of brilliance
 i - 2 potions of curing
 k - 2 potions of magic
 m - 2 potions of mutation {unknown}
 n - 2 potions of might {unknown}
 o - 2 potions of enlightenment {unknown}
 r - 2 potions of attraction
 t - 2 potions of haste
 w - a potion of invisibility {unknown}
 x - 2 potions of berserk rage
 z - 2 potions of lignification {unknown}
Miscellaneous
 u - a lightning rod (4/4)


   Skills:
 - Level 5.0 Fighting
 + Level 10.4 Ranged Weapons
 - Level 6.0 Dodging
 - Level 4.0 Stealth


You had 7 spell levels left.
You didn't know any spells.
Your spell library contained the following spells:

 Spells                   Type           Power      Damage    Failure   Level
 Hailstorm                Conj/Ice       0%         3d5       85%         3
 Summon Ice Beast         Ice/Summ       0%         N/A       85%         3
 Summon Forest            Summ/Tloc      0%         N/A       100%        5
 Summon Mana Viper        Hex/Summ       0%         N/A       100%        5
 Sculpt Simulacrum        Ice/Alch       0%         N/A       100%        6
 Summon Cactus Giant      Summ           0%         N/A       100%        6


Dungeon Overview and Level Annotations

Branches:
Dungeon (5/15)              Sewer (visited)         Ossuary (visited)
 Temple: D:4-7

Altars:

Annotations:
D:5 Prince Ribbit


Innate Abilities, Weirdness & Mutations

You are small and have problems with some larger weapons.
You are completely attuned to the shadows.


Message History

There is a stone staircase leading down here.
As you open the door, it creaks loudly!
A bombardier beetle comes into view.
A bombardier beetle is nearby!
The bombardier beetle sprays incendiary fluid at you.
The burning spray misses you.
There is an open door here.
You shoot an arrow. The arrow hits the bombardier beetle!
The bombardier beetle is heavily wounded.
You shoot an arrow. The arrow hits the bombardier beetle!
You kill the bombardier beetle!
Nothing quivered!
There is an open door here.
There is a stone staircase leading up here.
Prince Ribbit comes into view.
Prince Ribbit is nearby!
Prince Ribbit is nearby!
You shoot an arrow. The arrow hits Prince Ribbit.
Lightning courses through Prince Ribbit!
Prince Ribbit gives a loud, deep croak!
Prince Ribbit is heavily wounded.
Prince Ribbit hits you.
You shoot an arrow. The arrow hits Prince Ribbit.
Prince Ribbit is severely wounded.
Prince Ribbit barely misses you.
You shoot an arrow. The arrow closely misses Prince Ribbit.
Prince Ribbit hits you!
You shoot an arrow. The arrow misses Prince Ribbit.
Prince Ribbit hits you!
* * * LOW HITPOINT WARNING * * *
You are too injured to fight recklessly!
You shoot an arrow. The arrow closely misses Prince Ribbit.
Prince Ribbit completely misses you. Prince Ribbit misses you.
Unknown command.
You shoot an arrow. The arrow hits Prince Ribbit.
Prince Ribbit is severely wounded.
Prince Ribbit completely misses you.
Unknown command.
You shoot an arrow. The arrow closely misses Prince Ribbit.
Prince Ribbit hits you!
You die...

........................#
######..##.######.#####.#
##..#.# #.# #.# ##.#.#
#.# #.# #..># #.#####.#
###.# #.......# #.#
########## #.# #^F...
#######.# #@# #.......#
#.# #.####### #.# #.# #.#
#.# #.# #.# #.# #.# #.#
#.# #.# #.# #.#


You could see Prince Ribbit.

Vanquished Creatures
  Eustachio (D:5)
  Edmund (D:5)
  An ice beast (D:3)
  An ogre (D:4)
  A kobold brigand (Sewer)
  The ghost of hgbash the Conjurer, a weakling DrCj (D:4)
  A bombardier beetle (D:5)
  A hound (D:5)
  2 orc priests (D:5)
  An iguana (D:5)
  An orc wizard (D:3)
  8 mummies (Ossuary)
  11 adders
  7 river rats (Sewer)
  4 dart slugs
  11 orcs
  11 ball pythons
  8 bats
  6 endoplasms
  4 giant cockroaches
  6 goblins
  6 hobgoblins
  8 jackals (D:2)
  19 kobolds
  5 quokkas
  4 frilled lizards
  4 hobgoblin zombies (Ossuary)
  4 kobold zombies (Ossuary)
  20 rats
158 creatures vanquished.

Notes
Turn   | Place    | Note
-------+----------+-------------------------------------------
     0 | D:1      | Newt the Kobold Hunter began the quest for the Orb.
     0 | D:1      | Reached XP level 1. HP: 12/12 MP: 1/1
     0 | D:1      | Noticed a demigod
     0 | D:1      | Noticed a draconian
     1 | D:1      | Noticed an armataur
     3 | D:1      | Noticed a spriggan
     5 | D:1      | Noticed a human
     7 | D:1      | Noticed a troll
     9 | D:1      | Noticed a ghoul
    11 | D:1      | Noticed a felid
    11 | D:1      | Noticed a demigod
    13 | D:1      | Noticed a barachi
    15 | D:1      | Noticed a felid
    17 | D:1      | Noticed a demigod
    17 | D:1      | Noticed a felid
    17 | D:1      | Noticed a troll
    18 | D:1      | Noticed an elf
    19 | D:1      | Noticed a djinni
    19 | D:1      | Noticed a gargoyle
    24 | D:1      | Noticed a draconian
   152 | D:1      | Reached XP level 2. HP: 18/18 MP: 2/2
   572 | D:2      | Reached XP level 3. HP: 23/23 MP: 3/3
   860 | D:2      | Reached XP level 4. HP: 30/30 MP: 4/4
  1488 | D:3      | Reached skill level 5 in Fighting
  1518 | D:3      | Found a glowing drain.
  1530 | Sewer    | Entered a sewer
  1552 | Sewer    | Reached XP level 5. HP: 35/35 MP: 5/5
  1585 | Sewer    | Reached skill level 6 in Ranged Weapons
  1750 | Sewer    | HP: 1/35 [constriction (1)]
  1797 | Sewer    | Reached skill level 7 in Ranged Weapons
  1797 | Sewer    | Reached XP level 6. HP: 30/40 MP: 6/6
  2053 | Sewer    | Reached skill level 8 in Ranged Weapons
  3216 | D:3      | Noticed an ice beast
  3221 | D:3      | Killed an ice beast
  3222 | D:3      | Reached skill level 9 in Ranged Weapons
  3222 | D:3      | Reached XP level 7. HP: 44/44 MP: 7/7
  3622 | D:4      | Found a sand-covered staircase.
  3626 | Ossuary  | Entered an ossuary
  3690 | Ossuary  | Reached skill level 5 in Dodging
  4485 | D:4      | Found a runed translucent door.
  4487 | D:4      | Noticed hgbash's ghost (weakling DrCj)
  4666 | D:4      | Killed hgbash's ghost
  4667 | D:4      | Reached XP level 8. HP: 33/49 MP: 8/8
  4721 | D:5      | Entered Level 5 of the Dungeon
  5165 | D:5      | Noticed Eustachio
  5188 | D:5      | Killed Eustachio
  5334 | D:5      | Noticed Edmund
  5337 | D:5      | Killed Edmund
  5338 | D:5      | Reached skill level 10 in Ranged Weapons
  5590 | D:5      | Noticed Prince Ribbit
  5597 | D:5      | Slain by Prince Ribbit

Illustrated notes

Levels and vault maps discovered:
D:1:      shiori_arrival_whats_in_store_for_you, layout_rooms, amethyst_killhole
D:2:      layout_basic
D:3:      layout_basic, portal_sewer_entry_f
D:4:      layout_basic, ebering_ghost_inner_flame, nicolae_ossuary_entry_plus
D:5:      layout_basic, sigmund_edmund_badplayer, uniq_prince_ribbit1,
          uniq_eustachio

Skill      XL: |  1  2  3  4  5  6  7  8 |
---------------+-------------------------+-----
Fighting       | 3 4 5 |  5.0
Ranged Weapons | 7 9 10 | 10.4
Dodging        | 3 5 6 |  6.0
Stealth        | 4 |  4.0

Action                     |  1- 3 |  4- 6 |  7- 9 || total
---------------------------+-------+-------+-------++-------
  Melee: Shortbow          |       |     6 |       ||     6
   Fire: Shortbow          |    78 |   221 |   151 ||   450
    Use: Scroll            |     2 |     6 |     7 ||    15
         Potion            |       |     1 |     4 ||     5
 Armour: Leather armour    |    21 |   123 |    41 ||   185
  Dodge: Dodged            |    46 |   180 |    83 ||   309

Table legend: (Time is in decaauts)
 A = Elapsed time spent in this place.
 B = Non-inter-level travel time spent in this place.
 C = Inter-level travel time spent in this place.
 D = Time resting spent in this place.
 E = Time spent auto-exploring this place.
 F = Levels seen in this place.
 G = Mean time per level.
                   A        B        C        D        E       F      G
               +--------+--------+--------+--------+--------+-----+--------+
         Total |   5634 |   5513 |    121 |    644 |   3943 |   7 |  804.9 |
       Dungeon |   4592 |   4471 |    121 |    447 |   3398 |   5 |  918.4 |
         Sewer |    796 |    796 |      0 |    197 |    376 |   1 |  796.0 |
       Ossuary |    246 |    246 |      0 |      0 |    169 |   1 |  246.0 |
               +--------+--------+--------+--------+--------+-----+--------+

Top non-repeatable levels by time:
     D:3: 1314 daAuts
     D:4: 1001 daAuts
     D:2: 973 daAuts
     D:5: 861 daAuts
   Sewer: 796 daAuts
     D:1: 441 daAuts
 Ossuary: 246 daAuts
